 Dungeon Crawl Stone Soup version 0.23.0-3-gf3c87f2 (webtiles) character file.

Game seed: 3921689083899047589

223 Borgoz the Sneak (level 6, -2/45 HPs)
             Began as a Ghoul Enchanter on Feb 24, 2019.
             Killed from afar by an orc wizard (8 damage)
             ... with a magic dart
             ... on level 3 of the Dungeon.
             The game lasted 00:10:41 (3420 turns).

Borgoz the Sneak (Ghoul Enchanter)                  Turns: 3420, Time: 00:10:42

Health: -2/45      AC:  3    Str: 12    XL:     6   Next: 0%
Magic:  2/8        EV: 12    Int: 16    God:
Gold:   187        SH:  0    Dex: 11    Spells: 4/9 levels left

rFire    . . .     SeeInvis .   a - +1 dagger
rCold    + . .     Gourm    .   (no shield)
rNeg     + + +     Faith    .   g - +0 leather armour
rPois    ∞         Spirit   .   (no helmet)
rElec    .         Reflect  .   (no cloak)
rCorr    .         Harm     +   (no gloves)
MR       .....                  (no boots)
Stlth    ++........             l - amulet of harm
HPRegen  0.00/turn              j - +6 ring of intelligence
MPRegen  0.11/turn              (no ring)

@: very slightly contaminated, rotting, slowed, very slow
A: rotting body, claws 1, carnivore, cold resistance 1, negative energy
resistance 3, inhibited regeneration, torment resistance, unbreathing
a: no special abilities


You were on level 3 of the Dungeon.
You were not hungry.

You visited 1 branch of the dungeon, and saw 3 of its levels.

You collected 187 gold pieces.

Inventory:

Hand Weapons
 a - a +1 dagger (weapon)
Armour
 g - a +0 leather armour (worn)
Jewellery
 j - a +6 ring of intelligence (left claw)
 l - an amulet of harm (around neck)
Scrolls
 e - 4 scrolls of remove curse
 h - a scroll of blinking
 i - a scroll of identify
 k - 2 scrolls of magic mapping
Comestibles
 b - a chunk of flesh
 d - 4 rations


   Skills:
 * Level 3.1 Short Blades
 + Level 2.7 Dodging
 + Level 4.3 Stealth
 + Level 2.2 Spellcasting
 - Level 3.2 Hexes


You had 4 spell levels left.
You knew the following spells:

 Your Spells              Type           Power        Failure   Level  Hunger
a - Confuse               Hex            ##......     21%         3    ###....
b - Ensorcelled Hibernat  Hex/Ice        #.....       21%         2    ###....

Your spell library contained the following spells:

 Spells                   Type           Power        Failure   Level  Hunger
 Corona                   Hex            ##.....      7%          1    #......
 Tukima's Dance           Hex            ##......     21%         3    ###....
 Dazzling Spray           Conj/Hex       #.....       36%         3    ###....


Dungeon Overview and Level Annotations

Branches:
Dungeon (3/15)

Altars:
Fedhas
Okawaru

Annotations:
D:3 exclusion: oklob plant


Innate Abilities, Weirdness & Mutations

Your body is rotting away.
You thrive on raw meat.
You are immune to poison.
You have sharp fingernails.
You are carnivorous and can eat meat at any time.
Your flesh is cold resistant. (rC+)
You are immune to negative energy. (rN+++)
You do not regenerate when monsters are visible.
You are immune to unholy pain and torment.
You can survive without breathing.


Message History

The orc wizard gestures at you while chanting.
You feel yourself slow down.
The orc wizard hits you but does no damage.
You closely miss the orc wizard.
The orc wizard is severely wounded.
The orc wizard hits you but does no damage.
The orc wizard barely misses you.
You hit the orc wizard.
The orc wizard is almost dead.
The orc wizard hits you with a +0 dagger.
The orc wizard casts a spell.
The orc wizard blinks!
The orc wizard barely misses you.
The orc wizard gestures at you while chanting.
The magic dart hits you!
* * * LOW HITPOINT WARNING * * *
The orc wizard hits you with a cursed -3 trident.
* * * LOW HITPOINT WARNING * * *
The orc wizard gestures at you while chanting.
The magic dart hits you!
You die...

...#.#.#..##.#.# #...........##
...#.#.#..##.#.# #............#
...#.#.#.....#.# ############.##
...#.#....####.# #♣ ♣♣PPPP♣#.##
...).#)........# #.♣#.♣PP.P#.#.
.)...#.########### #P..PPPP......
###..#.#.........###PP.#PP..≈≈≈≈≈
###..#.#.#####..o..#PP.P#..≈≈≈≈≈≈
.##....#.# #..@..##PPP..≈≈≈≈≈≈≈
.##..###.# #.....##PPP.≈≈≈≈≈≈≈≈
.##.####.#######.###PPPP.≈≈≈≈...≈
.##......##......####♣P#.≈≈≈≈._.≈
.##########........# ♣♣P.≈≈≈≈...≈
.# #......#.# #PP.≈≈≈≈≈.≈≈ .#
#.....o#)# ###..≈≈≈≈.≈≈ .#
#..)...#.# ♣#..≈≈≈.≈≈ .#
#......#o# ♣P..≈≈.≈≈


You could see 2 orc wizards.

Vanquished Creatures
  An orc priest (D:2)
  An orc wizard (D:2)
  Terence (D:2)
  4 gnolls (D:3)
  2 adders (D:2)
  An ooze (D:1)
  2 worms (D:2)
  A dart slug (D:1)
  8 orcs
  9 bats
  7 goblins
  8 hobgoblins
  2 jackals (D:1)
  A ball python (D:2)
  3 frilled lizards
  8 kobolds
  6 rats
65 creatures vanquished.

Vanquished Creatures (others)
  16 toadstools (D:3)
16 creatures vanquished.

Grand Total: 81 creatures vanquished

Notes
Turn   | Place    | Note
-------+----------+-------------------------------------------
     0 | D:1      | Borgoz the Ghoul Enchanter began the quest for the Orb.
     0 | D:1      | Reached XP level 1. HP: 14/14 MP: 2/2
    33 | D:1      | Reached skill level 1 in Short Blades
    80 | D:1      | Reached XP level 2. HP: 12/20 MP: 3/3
   395 | D:1      | Reached XP level 3. HP: 26/26 MP: 4/4
   771 | D:2      | Learned a level 2 spell: Ensorcelled Hibernation
   881 | D:2      | Found an iron altar of Okawaru.
  1028 | D:2      | Noticed Terence
  1109 | D:2      | Killed Terence
  1109 | D:2      | Reached XP level 4. HP: 17/33 MP: 1/5
  1995 | D:2      | Learned a level 3 spell: Confuse
  2089 | D:2      | Reached skill level 4 in Stealth
  2089 | D:2      | Reached XP level 5. HP: 27/38 MP: 0/6
  3244 | D:3      | Found a blossoming altar of Fedhas.
  3267 | D:3      | Noticed an oklob plant
  3357 | D:3      | Reached XP level 6. HP: 39/44 MP: 8/8
  3420 | D:3      | Killed from afar by an orc wizard

Skill      XL: |  1  2  3  4  5 |
---------------+----------------+-----
Short Blades   | 1 2 3 |  3.1
Dodging        | 2 |  2.7
Hexes          | 3 |  3.2
Stealth        | 4 |  4.3
Spellcasting   | 2 |  2.2

Action                   |  1- 3 |  4- 6 || total
-------------------------+-------+-------++-------
Melee: Dagger            |   167 |   280 ||   447
 Cast: Ensorcelled Hiber |     4 |    20 ||    24
       Corona            |     2 |     1 ||     3
       Confuse           |       |     1 ||     1
  Use: Potion            |     4 |     2 ||     6
       Scroll            |       |     7 ||     7
 Stab: Sleeping          |     7 |     5 ||    12
       Confused          |       |     1 ||     1
  Eat: Chunk             |    14 |    27 ||    41
Armor: Robe              |     3 |       ||     3
       Leather armour    |    27 |    53 ||    80
Dodge: Dodged            |    75 |   167 ||   242
